 Dungeon Crawl Stone Soup version 0.19.0-16-g73b5abf (webtiles) character file.

11376 Aksej the Carver (level 11, -4/87 HPs)
             Began as a Demonspawn Fighter on Nov 10, 2016.
             Was an Elder of Qazlal.
             Slain by a yak (8 damage)
             ... on level 11 of the Dungeon.
             The game lasted 00:45:41 (10111 turns).

Aksej the Carver (Demonspawn Fighter)              Turns: 10111, Time: 00:45:42

Health: -4/87      AC: 15    Str: 17    XL:     11   Next: 48%
Magic:  11/11      EV: 12    Int: 10    God:    Qazlal [****..]
Gold:   167        SH:  5    Dex: 17    Spells: 0 memorised, 10 levels left

rFire  + + .     SeeInvis .     a - +2 long sword of Sharkskin {slice, rF++ rN+}
rCold  . . .     Gourm    .     E - +0 scale mail
rNeg   + . .     Faith    .     (no shield)
rPois  .         Spirit   .     (helmet restricted)
rElec  .         Reflect  .     k - +1 cloak
rCorr  +         Harm     .     n - +0 pair of gloves
MR     .....                    w - +0 pair of boots
Stlth  +.........               (no amulet)
                                t - ring of resist corrosion
                                p - +3 ring of protection

@: repel missiles
A: claws 2, horns 2, agile 1, nightstalker 2, powered by pain 2
a: Upheaval, Elemental Force, Renounce Religion


You were on level 11 of the Dungeon.
You worshipped Qazlal.
Qazlal was greatly pleased with you.
You were not hungry.

You visited 2 branches of the dungeon, and saw 12 of its levels.
You also visited: Ice Cave.

You collected 914 gold pieces.
You spent 747 gold pieces at shops.

Inventory:

Hand Weapons
 a - the +2 long sword of Sharkskin (weapon) {slice, rF++ rN+}
   (You bought it in a shop on level 10 of the Dungeon)

   It inflicts extra damage upon your enemies.
   It greatly protects you from fire.
   It protects you from negative energy.
 b - a +3 scimitar of flaming
 J - a +1 great sword
Missiles
 o - 10 javelins (quivered)
 y - 10 tomahawks
Armour
 k - a +1 cloak (worn)
 n - a +0 pair of gloves (worn)
 w - a +0 pair of boots (worn)
 E - a +0 scale mail (worn)
Jewellery
 p - a +3 ring of protection (left hand)
 t - a ring of resist corrosion (right hand)
 u - an uncursed ring of protection from fire
 D - an uncursed ring of poison resistance {unknown}
 H - an uncursed amulet of the gourmand {unknown}
Wands
 s - a wand of iceblast (2/15)
Scrolls
 e - 2 scrolls of fear
 l - 3 scrolls of teleportation
 m - 2 scrolls of amnesia
 r - a scroll of recharging
 v - 3 scrolls of enchant weapon
 G - 4 scrolls of remove curse
 K - a scroll of fog
Potions
 c - a potion of invisibility
 d - a potion of might
 h - 5 potions of curing
 j - a potion of brilliance
 z - a potion of agility
 A - 4 potions of haste
 F - 2 potions of berserk rage
Comestibles
 f - 6 bread rations
 i - 2 slices of pizza
 q - 8 fruits
 x - 3 beef jerkies
 B - 5 chunks of flesh
 C - a meat ration


   Skills:
 * Level 8.7 Fighting
 * Level 12.8 Long Blades
 + Level 1.0 Throwing
 + Level 6.8 Armour
 + Level 3.9 Dodging
 - Level 0.2 Stealth
   Level 2.6 Shields
 + Level 0.2 Evocations


You had 10 spell levels left.
You didn't know any spells.

Dungeon Overview and Level Annotations

Branches:
Dungeon (11/15)            Temple (1/1) D:4            Lair (0/6) D:8
    Orc (0/2) D:9

Altars:
Ashenzari
Cheibriados
Dithmenos
Elyvilon
Fedhas
Gozag
Hepliaklqana
Kikubaaqudgha
Makhleb
Nemelex Xobeh
Okawaru
Qazlal
Ru
Sif Muna
Trog
Uskayaw
Vehumet
Xom
Yredelemnul
Zin
The Shining One
Beogh

Shops:
D:4 *}?   D:9 :   D:10 !(:


Innate Abilities, Weirdness & Mutations

You have very sharp fingernails.
You have a pair of horns on your head.
You are significantly more attuned to the shadows.
You sometimes gain power by taking damage.
You are agile. (Dex +2)


Message History

The polar bear is heavily wounded.
The polar bear barely misses you. The polar bear closely misses you.
You slash the polar bear!
The polar bear is severely wounded.
The polar bear barely misses you.
You riposte.
You barely miss the polar bear.
The polar bear is severely wounded.
The polar bear claws you.
* * * LOW HITPOINT WARNING * * *
The polar bear barely misses you.
You completely miss the polar bear.
The polar bear is severely wounded.
The yak closely misses you. The polar bear barely misses you.
You riposte.
You closely miss the polar bear.
The polar bear is severely wounded.
The polar bear barely misses you. The polar bear misses you.
You hit the polar bear. Your headbutt misses the polar bear.
The polar bear is almost dead.
You hear a shout!
The yak gores you!
You die...

**,,,,,,*,,,,.[#.###
**,,,,,,,,***.......######
*,,,,,,,,,,*#............####
*,,,,,,,,,,*#..>.............
*,,,,,,,,,,*#............>...
*,,,,,,,,,,*#................
*,,,,,,.,,,*#§...............
**,,,,,...###Y§..............
**,,,,,.....@h§....#.........
*,,,,,,...§§..§..........#...
*,,,,,,....##§§.....#........
*,,,,,,....*#....##..........
*,,,,,,...,*.....#*###*,,,,,,
*,,,,,,...,#.##..#*** **,,,,,
**,,,,,,,,**,**,,,,,* #.....
**,,,,,,***,**,,,,,**##.....
**********,******,,##......


You could see a polar bear and a yak.

Vanquished Creatures
  Erica (D:11)
  Urug (D:11)
  A hill giant (D:10)
  Psyche (D:8)
  A gargoyle (D:11)
  A centaur skeleton (D:11)
  A polar bear (IceCv)
  A troll (D:10)
  Prince Ribbit (D:7)
  6 hippogriffs
  6 yaks
  Eustachio (D:5)
  4 hungry ghosts
  Menkaure (D:7)
  An ice beast (D:5)
  2 sky beasts
  A hornet zombie (D:11)
  4 phantoms
  4 necrophages
  7 orc warriors
  8 ogres
  4 centaurs
  2 wolves (IceCv)
  A crocodile (D:8)
  2 big kobolds
  4 bullfrogs
  A scorpion (D:9)
  8 wights (D:7)
  A howler monkey (D:5)
  2 bullfrog zombies
  2 crimson imps
  A centaur zombie (D:9)
  4 jellies
  2 quasits
  4 hounds
  3 bullfrog skeletons
  6 orc priests
  8 orc wizards
  2 iguanas
  9 worker ants
  2 worker ant zombies
  14 adders
  7 gnolls
  6 river rats (D:8)
  2 shadow imps (D:7)
  12 white imps (D:11)
  3 adder skeletons
  An adder zombie (D:9)
  A worm (D:4)
  2 dart slugs (D:1)
  5 leopard geckos
  50 orcs
  11 bats
  3 giant cockroaches
  7 goblins
  2 hobgoblins (D:2)
  8 jackals
  3 quokkas
  2 ball pythons (D:1)
  10 kobolds
  A leopard gecko zombie (D:5)
  A quokka skeleton (D:5)
  16 rats
  A fungus (D:8)
  5 plants (D:8)
295 creatures vanquished.

Vanquished Creatures (others)
  3 fungi (D:8)
  A withered plant (D:7)
4 creatures vanquished.

Grand Total: 299 creatures vanquished

Notes
Turn   | Place    | Note
-------+----------+-------------------------------------------
     0 | D:1      | Aksej the Demonspawn Fighter began the quest for the Orb.
     0 | D:1      | Reached XP level 1. HP: 18/18 MP: 1/1
   281 | D:1      | Gained mutation: You sometimes gain a little power by taking damage. [demonic ancestry]
   281 | D:1      | Reached XP level 2. HP: 22/24 MP: 2/2
   606 | D:1      | Reached skill level 2 in Long Blades
   840 | D:2      | Found a faded altar of an unknown god.
   872 | D:2      | Reached XP level 3. HP: 29/29 MP: 3/3
  1314 | D:3      | Gained mutation: You are slightly more attuned to the shadows. [demonic ancestry]
  1314 | D:3      | Reached XP level 4. HP: 15/37 MP: 4/4
  2072 | D:4      | Reached skill level 3 in Long Blades
  2081 | D:4      | Noticed a big kobold
  2133 | D:4      | Killed a big kobold
  2133 | D:4      | Gained mutation: You sometimes gain power by taking damage. [demonic ancestry]
  2133 | D:4      | Reached XP level 5. HP: 30/42 MP: 5/5
  2145 | D:4      | Found Xenaming's General Store.
  2165 | D:4      | Bought a scroll of remove curse for 30 gold pieces
  2235 | D:4      | Reached skill level 4 in Long Blades
  2250 | D:4      | Found Neehic's Magic Scroll Boutique.
  2253 | D:4      | Bought a scroll of identify for 28 gold pieces
  2255 | D:4      | Bought a scroll of identify for 28 gold pieces
  2255 | D:4      | Bought a scroll of identify for 28 gold pieces
  2262 | D:4      | Bought a scroll of identify for 28 gold pieces
  2343 | D:4      | Found Plog's Gadget Boutique.
  2395 | D:4      | Noticed a hungry ghost
  2418 | D:4      | Paralysed by fainting for 7 turns
  2444 | D:4      | Killed a hungry ghost
  2444 | D:4      | Reached skill level 1 in Dodging
  2444 | D:4      | Reached XP level 6. HP: 44/49 MP: 6/6
  2718 | D:4      | Found a staircase to the Ecumenical Temple.
  2724 | Temple   | Entered the Ecumenical Temple
  2733 | Temple   | Became a worshipper of Qazlal Stormbringer
  3025 | D:5      | Entered Level 5 of the Dungeon
  3034 | D:5      | Gained mutation: You have a pair of small horns on your head. [demonic ancestry]
  3034 | D:5      | Reached XP level 7. HP: 51/55 MP: 7/7
  3169 | D:5      | Noticed Eustachio
  3195 | D:5      | Killed Eustachio
  3195 | D:5      | Reached skill level 5 in Long Blades
  3221 | D:5      | Reached skill level 5 in Fighting
  3366 | D:5      | Reached skill level 6 in Long Blades
  3476 | D:5      | Gained mutation: You have sharp fingernails. [demonic ancestry]
  3476 | D:5      | Reached XP level 8. HP: 37/62 MP: 8/8
  3732 | D:5      | Found a shadowy altar of Dithmenos.
  4341 | D:6      | Reached * piety under Qazlal
  4381 | D:6      | Reached skill level 7 in Long Blades
  4511 | D:6      | Gained mutation: Your body sometimes deteriorates upon taking damage. [mutagenic meat]
  4512 | D:6      | Gained mutation: You are robust. (+10% HP) [mutagenic meat]
  4513 | D:6      | Gained mutation: You are agile. (Dex +2) [mutagenic meat]
  4553 | D:6      | Gained mutation: You are very agile. (Dex +4) [mutagenic meat]
  4855 | D:6      | Reached skill level 5 in Armour
  5304 | D:7      | Reached skill level 8 in Long Blades
  5321 | D:7      | Noticed Menkaure
  5334 | D:7      | Gained mutation: You have a pair of horns on your head. [demonic ancestry]
  5334 | D:7      | Reached XP level 9. HP: 33/75 MP: 9/9
  5336 | D:7      | Killed Menkaure
  5432 | D:7      | Noticed Prince Ribbit
  5441 | D:7      | Killed Prince Ribbit
  5471 | D:7      | Found a hazy altar of Hepliaklqana.
  5572 | D:7      | Reached skill level 9 in Long Blades
  5711 | D:7      | Found a white marble altar of Elyvilon.
  5716 | D:7      | Found a glowing silver altar of Zin.
  5717 | D:7      | Found a radiant altar of Vehumet.
  5719 | D:7      | Found a sacrificial altar of Ru.
  5720 | D:7      | Found a burning altar of Makhleb.
  5721 | D:7      | Found a hide-covered altar of Uskayaw.
  5875 | D:7      | Reached ** piety under Qazlal
  5901 | D:7      | Found a shadowy altar of Dithmenos.
  6102 | D:8      | Paralysed by fainting for 12 turns
  6115 | D:8      | Reached skill level 10 in Long Blades
  6201 | D:8      | Gained mutation: You have very sharp fingernails. [demonic ancestry]
  6201 | D:8      | Reached XP level 10. HP: 42/84 MP: 10/10
  6240 | D:8      | Noticed Psyche
  6245 | D:8      | Killed Psyche
  6625 | D:8      | Found a staircase to the Lair.
  7012 | D:8      | Reached *** piety under Qazlal
  7297 | D:9      | Found Isakedug's Book Shop.
  7408 | D:9      | Found a shattered altar of Ashenzari.
  7484 | D:9      | Reached skill level 11 in Long Blades
  7504 | D:9      | Found a glowing golden altar of the Shining One.
  7904 | D:9      | Found a roughly hewn altar of Beogh.
  7908 | D:9      | Reached **** piety under Qazlal
  7911 | D:9      | Found a staircase to the Orcish Mines.
  8517 | D:10     | Entered Level 10 of the Dungeon
  8518 | D:10     | Noticed a hill giant
  8538 | D:10     | Killed a hill giant
  8732 | D:10     | Reached skill level 12 in Long Blades
  8738 | D:10     | Found Wiefywk's Antique Weapon Emporium.
  8743 | D:10     | Bought a twisted long sword for 255 gold pieces
  8743 | D:10     | Identified the +2 long sword of Sharkskin {slice, rF++ rN+} (You bought it in a shop on level 10 of the Dungeon)
  8751 | D:10     | Found a stormy altar of Qazlal.
  8765 | D:10     | Reached skill level 1 in Throwing
  8768 | D:10     | Gained mutation: You are significantly more attuned to the shadows. [demonic ancestry]
  8768 | D:10     | Reached XP level 11. HP: 48/92 MP: 11/11
  9066 | D:10     | Found Efeo's Book Shoppe.
  9425 | D:10     | Found Ocemiwumm's Distillery.
  9437 | D:10     | Bought a potion of cure mutation for 350 gold pieces
  9437 | D:10     | Lost mutation: Your body sometimes deteriorates upon taking damage. [potion of cure mutation]
  9437 | D:10     | Lost mutation: You are robust. (+10% HP) [potion of cure mutation]
  9437 | D:10     | Lost mutation: You are very agile. (Dex +4) [potion of cure mutation]
  9815 | D:11     | Noticed Urug
  9841 | D:11     | Killed Urug
  9964 | D:11     | Noticed Erica
  9969 | D:11     | Killed Erica
 10046 | D:11     | Found a frozen archway.
 10065 | IceCv    | Entered an ice cave
 10091 | IceCv    | HP: 2/87 [yak (7)]
 10109 | D:11     | HP: 4/87 [polar bear (3)]
 10111 | D:11     | Slain by a yak

Skill      XL: |  1  2  3  4  5  6  7  8  9 10 |
---------------+-------------------------------+-----
Long Blades    | 2 3 4 6 8 10 12 | 12.8
Armour         | 3 4 5 6 |  6.8
Fighting       | 4 5 6 7 8 |  8.7
Dodging        | 1 2 3 |  3.9
Throwing       | 1 |  1.0
Stealth        | |  0.2
Shields        | |  2.6
Evocations     | |  0.2

Action                   |  1- 3 |  4- 6 |  7- 9 | 10-12 || total
-------------------------+-------+-------+-------+-------++-------
Melee: Long sword        |    91 |   117 |   182 |   162 ||   552
       Falchion          |       |   142 |       |       ||   142
       Headbutt          |       |       |   108 |    75 ||   183
       Scimitar          |       |       |   149 |       ||   149
       Great sword       |       |       |    64 |   206 ||   270
Throw: Javelin           |       |     3 |     5 |    13 ||    21
Evoke: Wand              |       |       |       |     3 ||     3
  Use: Scroll            |     7 |     9 |     6 |     3 ||    25
       Potion            |     5 |       |     2 |     7 ||    14
 Stab: Distracted        |       |       |     1 |       ||     1
  Eat: Chunk             |     1 |    10 |    15 |    15 ||    41
       Meat ration       |       |       |     1 |       ||     1
Armor: Scale mail        |    44 |   137 |   208 |   189 ||   578
Dodge: Dodged            |    50 |   128 |   222 |   195 ||   595
       Deflected         |       |       |       |     6 ||     6
Block: Other             |       |       |    12 |    91 ||   103
       Rpst.: Long sword |    14 |    15 |    33 |    22 ||    84
       Falchion          |       |    22 |       |       ||    22
       Scimitar          |       |       |    35 |       ||    35
       Great sword       |       |       |     6 |    19 ||    25
